 Dungeon Crawl Stone Soup version 0.25.1-2-g60ff931df9 (webtiles) character file.

Game seed: 1352607089953015124

459 protoss039 the Magician (level 6, -11/32 HPs)
             Began as a Deep Elf Earth Elementalist on Aug 9, 2020.
             Mangled by an orc warrior
             ... wielding a +0 hand axe
              (13 damage)
             ... on level 3 of the Dungeon.
             The game lasted 00:10:03 (4689 turns).

protoss039 the Magician (DEEE)                      Turns: 4689, Time: 00:10:04

Health: -11/32     AC:  3    Str:  5    XL:     6   Next: 78%
Magic:  18/18      EV: 13    Int: 22    God:
Gold:   188        SH:  0    Dex: 15    Spells: 4/19 levels left

rFire    . . .     SeeInvis .   A - +3 whip (freeze)
rCold    . . .     Gourm    .   (no shield)
rNeg     . . .     Faith    .   c - +0 robe
rPois    .         Spirit   .   (no helmet)
rElec    .         Reflect  .   (no cloak)
rCorr    +         Harm     .   v - +0 pair of gloves
MR       +....                  (no boots)
Stlth    ++........             (no amulet)
HPRegen  0.10/turn              k - ring of protection from magic
MPRegen  0.16/turn              m - ring of resist corrosion

@: no status effects
A: no striking features
a: no special abilities


You were on level 3 of the Dungeon.
You were not hungry.

You visited 1 branch of the dungeon, and saw 4 of its levels.

You collected 188 gold pieces.

Inventory:

Hand Weapons
 a - a +1 spear of venom
 A - a +3 whip of freezing (weapon)
Missiles
 b - 22 stones (quivered)
 z - 4 poisoned darts
Armour
 c - a +0 robe (worn)
 g - a +2 leather armour of cold resistance
 v - a +0 pair of gloves (worn)
Jewellery
 k - a ring of protection from magic (left hand)
 m - a ring of resist corrosion (right hand)
Wands
 s - a wand of iceblast (11)
 y - a wand of disintegration (15)
Scrolls
 f - 2 scrolls of fog
 i - a scroll of immolation {unknown}
 n - a scroll of remove curse
 o - a scroll of identify
 q - a scroll of enchant weapon
 t - 2 scrolls of magic mapping {unknown}
Potions
 e - 2 potions of mutation {unknown}
 h - 2 potions of brilliance {unknown}
 j - a potion of ambrosia {unknown}
 l - 2 potions of resistance {unknown}
 p - a potion of might {unknown}
 r - 2 potions of stabbing {unknown}
 u - 2 potions of curing {unknown}
 w - a potion of haste
Comestibles
 d - 9 rations
 x - 2 chunks of flesh


   Skills:
 - Level 3.0 Dodging
 - Level 3.0 Stealth
 + Level 7.1 Spellcasting
 - Level 1.1 Transmutations
 + Level 6.1 Earth Magic


You had 4 spell levels left.
You knew the following spells:

 Your Spells              Type           Power        Failure   Level  Hunger
a - Sandblast             Erth           ####..       1%          1    None
b - Passwall              Tmut/Erth      ###.....     2%          2    None
c - Stone Arrow           Conj/Erth      ###...       7%          3    None
d - Petrify               Tmut/Erth      ###.....     19%         4    ###....
e - Lee's Rapid Deconstr  Erth           ####......   19%         5    #####..

Your spell library contained the following spells:

 Spells                   Type           Power        Failure   Level  Hunger


Dungeon Overview and Level Annotations

Branches:
Dungeon (4/15)
 Temple: D:4-7

Altars:


Message History

The stone arrow misses the orc warrior.
The orc warrior hits you with a +0 hand axe!!
Ouch! That really hurt!
* * * LOW HITPOINT WARNING * * *
Unknown command.
Unknown command.
Your magical contamination has completely faded away.
The orc warrior hits you with a +0 hand axe!
* * * LOW HITPOINT WARNING * * *
Unknown command.
Unknown command.
Unknown command.
As you read the scroll labeled JAME KIETUOFAISOA, it crumbles to dust.
It is a scroll of enchant weapon.
Your +2 whip of freezing glows red for a moment.
Unknown command.
Unknown command.
Unknown command.
The orc warrior hits you with a +0 hand axe!
You die...

######.####### .............#
#####.....##.# #.###.##.#
############### #####.###.##.#
#.............# .......#.....#
#.###########.#
.####..#..#########.###### #...#
.####..#.........##.#....####...#
....#..#.#######@##.........#...#
....#..#.........o...............
#####................#..###.#...#
...........<####.##.......#.#....
.....>..................#.#.#.###
........###.#.##[#...#....#.#####
#####.#.# #...##.#...#....#.#....
#.#.# #.####.#...#....#.#.###
#.#.# #.# #.#........#.#.#


You could see an orc warrior.

Vanquished Creatures
  A gnoll sergeant (D:4)
  A scorpion (D:4)
  2 orc priests (D:4)
  A centaur skeleton (D:4)
  Ijyb (D:3)
  An orc wizard (D:3)
  A worker ant (D:4)
  3 gnolls (D:4)
  4 adders
  A river rat (D:3)
  An ooze (D:3)
  6 worms
  2 dart slugs (D:3)
  2 leopard geckos (D:2)
  6 orcs
  8 bats
  7 giant cockroaches
  6 hobgoblins
  4 jackals (D:2)
  10 kobolds
  3 quokkas
  3 ball pythons
  3 frilled lizards
  9 goblins
  13 rats
99 creatures vanquished.

Notes
Turn   | Place    | Note
-------+----------+-------------------------------------------
     0 | D:1      | protoss039 the Deep Elf Earth Elementalist began the quest
                  | for the Orb.
     0 | D:1      | Reached XP level 1. HP: 10/10 MP: 6/6
   517 | D:1      | Reached XP level 2. HP: 15/15 MP: 4/8
  1535 | D:2      | Reached XP level 3. HP: 7/19 MP: 0/9
  1794 | D:2      | Learned a level 2 spell: Passwall
  1798 | D:2      | Learned a level 3 spell: Stone Arrow
  2323 | D:3      | Noticed Ijyb
  2328 | D:3      | Reached skill level 4 in Spellcasting
  2337 | D:3      | Killed Ijyb
  2337 | D:3      | Reached XP level 4. HP: 9/24 MP: 1/12
  2725 | D:3      | Reached skill level 5 in Spellcasting
  2725 | D:3      | Reached XP level 5. HP: 28/28 MP: 11/14
  3178 | D:3      | Reached skill level 5 in Earth Magic
  3812 | D:4      | Reached skill level 6 in Spellcasting
  3812 | D:4      | Reached XP level 6. HP: 32/32 MP: 12/17
  3818 | D:4      | Learned a level 4 spell: Petrify
  3824 | D:4      | Learned a level 5 spell: Lee's Rapid Deconstruction
  3865 | D:4      | HP: 1/32 [orc/+2 whip of freezing (1)]
  4296 | D:4      | Noticed an orc warrior
  4342 | D:4      | Reached skill level 7 in Spellcasting
  4689 | D:3      | Mangled by an orc warrior

Illustrated notes

Levels and vault maps discovered:
D:1:      dpeg_arrival_fog, layout_basic, minmay_pentomino_v2
D:2:      layout_rooms, nrook_mini_vaults, minmay_split_cup_large
D:3:      layout_basic, portal_sewer_entry_e, uniq_ijyb
D:4:      layout_cave_pools, grunt_temple_overflow_holy_war, first_ration

Skill      XL: |  1  2  3  4  5  6 |
---------------+-------------------+-----
Dodging        | 3 |  3.0
Stealth        | 3 |  3.0
Earth Magic    | 4 5 6 |  6.1
Spellcasting   | 4 5 6 7 |  7.1
Transmutations | |  1.1

Action                   |  1- 3 |  4- 6 || total
-------------------------+-------+-------++-------
Melee: Dagger            |    69 |    28 ||    97
       Unarmed           |     1 |       ||     1
Throw: Dart              |       |     1 ||     1
 Cast: Sandblast         |    57 |    78 ||   135
       Stone Arrow       |       |     6 ||     6
  Use: Scroll            |       |     4 ||     4
 Stab: Sleeping          |     5 |     1 ||     6
  Eat: Chunk             |     4 |     7 ||    11
Armor: Robe              |    21 |    19 ||    40
Dodge: Dodged            |   118 |    56 ||   174
